 Dungeon Crawl Stone Soup version 0.29-a0-334-gb41bcbb86e (webtiles) character file.

Game seed: 16780673547212134508

1585 rabbitsville the Thaumaturge (level 8, -1/41 HPs)
             Began as a Deep Elf Air Elementalist on Apr 13, 2022.
             Killed by their own static electricity (2 damage)
             ... on level 6 of the Dungeon.
             The game lasted 00:16:34 (6813 turns).

rabbitsville the Thaumaturge (DEAE)                 Turns: 6813, Time: 00:16:34

Health: -1/41      AC:  3    Str:  5    XL:     8   Next: 61%
Magic:  16/32      EV: 12    Int: 23    God:
Gold:   295        SH:  0    Dex: 15    Spells: 23/26 levels left

rFire   . . .      SeeInvis .   d - +1 dagger (speed)
rCold   . . .      Faith    .   (no shield)
rNeg    . . .      Spirit   .   a - +0 robe
rPois   .          Reflect  .   (no helmet)
rElec   .          Harm     .   (no cloak)
rCorr   .          Rampage  .   i - +0 pair of gloves
Will    .....                   (no boots)
Stlth   ++........              (no amulet)
HPRegen 0.13/turn               c - ring of magical power
MPRegen 0.23/turn               (no ring)

@: no status effects
A: no striking features
a: no special abilities


You were on level 6 of the Dungeon.
You visited 1 branch of the dungeon, and saw 6 of its levels.
You also visited: Sewer.

You collected 295 gold pieces.

Inventory:

Hand Weapons
 d - a +1 dagger of speed (weapon)
 B - the +6 falchion "Yne Tid" {antimagic, +Blink rPois rF- rN+}
   (You took it off a centaur on level 6 of the Dungeon)

   It reduces the magical energy of the wielder, and disrupts the spells and
   magical abilities of those it strikes.
   Natural abilities and divine invocations are not affected.
   rF:        It makes you vulnerable to fire.
   rPois:     It protects you from poison.
   rN:        It protects you from negative energy.
   +Blink:    It lets you blink.
Missiles
 t - a throwing net
Armour
 a - a +0 robe (worn)
 i - a +0 pair of gloves (worn)
Jewellery
 c - a ring of magical power (left hand)
Wands
 x - a wand of flame (20)
Scrolls
 e - 4 scrolls of identify {unknown}
 f - a scroll of vulnerability {unknown}
 g - 2 scrolls of torment {unknown}
 h - a scroll of enchant weapon {unknown}
 j - 3 scrolls of summoning {unknown}
 n - a scroll of noise {unknown}
 o - 4 scrolls of immolation {unknown}
 q - 3 scrolls of teleportation
 r - a scroll of amnesia {unknown}
 w - 2 scrolls of fog {unknown}
 y - a scroll of fear {unknown}
Potions
 b - a potion of magic
 k - 2 potions of heal wounds {unknown}
 l - a potion of degeneration {unknown}
 m - 2 potions of mutation {unknown}
 p - a potion of haste {unknown}
 s - a potion of cancellation {unknown}
 u - 2 potions of berserk rage {unknown}
 v - 2 potions of attraction {unknown}
 z - a potion of might {unknown}
 A - a potion of curing


   Skills:
 - Level 2.4 Dodging
 - Level 2.4 Stealth
 + Level 9.6 Spellcasting
 + Level 5.0 Conjurations
 + Level 4.8 Transmutations
 - Level 6.0 Air Magic


You had 23 spell levels left.
You knew the following spells:

 Your Spells              Type           Power      Damage    Failure   Level
a - Shock                 Conj/Air       100%       1d9       1%          1
b - Static Discharge      Conj/Air       36%        N/A       1%          2

Your spell library contained the following spells:

 Spells                   Type           Power      Damage    Failure   Level
 Swiftness                Air            38%        N/A       1%          3
 Airstrike                Air            19%        N/A       4%          4
 Blade Hands              Tmut           16%        N/A       22%         5
 Irradiate                Conj/Tmut      16%        3d18      22%         5
 Animate Armour           Summ/Erth      22%        N/A       52%         4
 Iron Shot                Conj/Erth      11%        9d3       97%         6
 Dragon Form              Tmut           16%        N/A       100%        7


Dungeon Overview and Level Annotations

Branches:
Dungeon (6/15)              Sewer (visited)
 Temple: D:4-7

Altars:
Elyvilon
Ru

Shops:
D:1 ![   D:6 [

Annotations:
D:5 exclusion: sky beast


Message History

You are struck by an arc of lightning.
Maggie is struck by an arc of lightning.
Maggie is heavily wounded.
The lightning grounds out.
Maggie completely misses you.
You are too injured to fight recklessly!
Casting: Static Discharge (safe; 1% risk of failure)
Press: ? - help, Q - select action, (/) - cycle Dir - look around, f - activate Maggie is struck by an arc of lightning!
Maggie is severely wounded.
The ogre is struck by an arc of lightning.
The ogre is almost dead.
The lightning grounds out.
Maggie hits you with a +0 war axe.
Casting: Static Discharge (safe; 1% risk of failure)
Press: ? - help, Q - select action, (/) - cycle Dir - look around, f - activate Maggie is struck by an arc of lightning!
Maggie is severely wounded.
The ogre is struck by an arc of lightning.
You kill the ogre!
The lightning grounds out.
Maggie closely misses you.
Your Conjurations skill increases to level 5!
Casting: Static Discharge (safe; 1% risk of failure)
Press: ? - help, Q - select action, (/) - cycle Dir - look around, f - activate Maggie is struck by an arc of lightning!
Maggie is almost dead.
You are struck by an arc of lightning.
The lightning grounds out.
Maggie hits you with a +0 war axe!
* * * LOW HITPOINT WARNING * * *
Casting: Static Discharge (safe; 1% risk of failure)
Press: ? - help, Q - select action, (/) - cycle Dir - look around, f - activate Maggie is struck by an arc of lightning.
Maggie is almost dead.
You are struck by an arc of lightning.
* * * LOW HITPOINT WARNING * * *
Maggie is struck by an arc of lightning!
You break out of your daze!
You kill Maggie!
You are struck by an arc of lightning.
You die...

#. #.# #.# #.#
#.# ####### #.#
......#
#.##########
#####.#
##...@))....#
....#.##
##...#######.#
###...<####.....#
#.#
#..............##
#.#
#.#....######.##
#.# ....#.## #.#
#@# #.###.# #.#
####J#####
......# #'#
#..†O....#
..#.### .O.
#.##.###.#


There were no monsters in sight!

Vanquished Creatures
  Maggie (D:6)
  Grinder (D:3)
  Pargi (Sewer)
  2 black bears
  An ogre (D:6)
  A centaur (D:6)
  3 phantoms
  A scorpion (D:5)
  A bullfrog (D:6)
  A necrophage (D:6)
  2 howler monkeys
  A jelly (D:6)
  An orc priest (D:5)
  3 hounds
  An iguana (D:5)
  An orc wizard (D:5)
  9 gnolls
  11 adders
  An ufetubus (D:5)
  2 worms
  8 orcs
  6 ball pythons
  10 bats
  An endoplasm (D:3)
  6 giant cockroaches
  7 hobgoblins
  4 jackals (D:4)
  3 quokkas
  7 frilled lizards
  13 goblins
  4 kobolds
  4 rats
118 creatures vanquished.

Notes
Turn   | Place    | Note
-------+----------+-------------------------------------------
     0 | D:1      | rabbitsville the Deep Elf Air Elementalist began the quest
                  | for the Orb.
     0 | D:1      | Reached XP level 1. HP: 10/10 MP: 6/6
   486 | D:1      | Reached XP level 2. HP: 15/15 MP: 8/8
   875 | D:1      | Found Ychy Fown's Distillery.
  1114 | D:1      | Found Mevuofum's Armour Shoppe.
  1476 | D:2      | Reached skill level 4 in Spellcasting
  1607 | D:2      | Reached XP level 3. HP: 8/19 MP: 10/10
  1909 | D:2      | Found a faded altar of an unknown god.
  2593 | D:3      | Reached XP level 4. HP: 24/24 MP: 12/12
  2700 | D:3      | Noticed Grinder
  2714 | D:3      | Reached skill level 5 in Spellcasting
  2758 | D:3      | Killed Grinder
  2759 | D:3      | Reached skill level 6 in Spellcasting
  2759 | D:3      | Reached skill level 5 in Air Magic
  2759 | D:3      | Reached XP level 5. HP: 19/28 MP: 10/15
  2759 | D:3      | Reached XP level 6. HP: 21/32 MP: 10/17
  3562 | D:4      | Found a white marble altar of Elyvilon.
  3815 | D:4      | Learned a level 2 spell: Static Discharge
  3827 | D:4      | Reached skill level 7 in Spellcasting
  3999 | D:4      | Reached XP level 7. HP: 36/36 MP: 19/19
  4110 | D:4      | Reached skill level 1 in Transmutations
  5054 | D:4      | Found a sacrificial altar of Ru.
  5186 | D:5      | Entered Level 5 of the Dungeon
  5286 | D:5      | Reached skill level 8 in Spellcasting
  5631 | D:6      | Found Bitonec's Antique Armour Boutique.
  5635 | D:6      | Reached XP level 8. HP: 41/41 MP: 22/22
  5833 | D:6      | Reached skill level 9 in Spellcasting
  5873 | D:6      | Found a glowing drain.
  5882 | Sewer    | Entered a sewer
  6192 | Sewer    | Noticed Pargi
  6198 | Sewer    | Killed Pargi
  6405 | D:6      | Identified the +6 falchion "Yne Tid" {antimagic, +Blink
                  | rPois rF- rN+}
  6782 | D:6      | Noticed Maggie
  6812 | D:6      | Reached skill level 5 in Conjurations
  6812 | D:6      | HP: 2/41 [Maggie/+0 war axe (12)]
  6813 | D:6      | Killed Maggie
  6813 | D:6      | Killed from afar by themself

Illustrated notes

Levels and vault maps discovered:
D:1:      dpeg_arrival_refuge, layout_loops_corners, serial_shops, shop, shop,
          minmay_misc_feat_enclosed
D:2:      layout_basic, hellmonk_ecumenical_altar_leap_of_faith
D:3:      layout_basic, minmay_surrounded, uniq_grinder
D:4:      layout_gridville, marbit_many_paths, nicolae_overflow_hidden_temple,
          minmay_misc_feat_nine_boxes
D:5:      cheibrodos_quashed, layout_basic
D:6:      layout_loops_corners, portal_sewer_entry_b, serial_shops, shop,
          uniq_maggie

Skill      XL: |  1  2  3  4  5  6  7  8 |
---------------+-------------------------+-----
Spellcasting   | 4 6 7 8 9 |  9.6
Air Magic      | 4 5 6 |  6.0
Transmutations | 3 4 |  4.8
Conjurations   | 3 5 |  5.0
Dodging        | |  2.4
Stealth        | |  2.4

Action                   |  1- 3 |  4- 6 |  7- 9 || total
-------------------------+-------+-------+-------++-------
Melee: Unarmed           |    11 |       |       ||    11
       Dagger            |       |       |     1 ||     1
 Cast: Shock             |    81 |    69 |   142 ||   292
       Static Discharge  |       |     3 |    23 ||    26
  Use: Potion            |       |       |     4 ||     4
       Scroll            |       |       |     1 ||     1
Armor: Robe              |     4 |     1 |     5 ||    10
Dodge: Dodged            |    32 |     8 |    31 ||    71

Table legend: (Time is in decaauts)
 A = Elapsed time spent in this place.
 B = Non-inter-level travel time spent in this place.
 C = Inter-level travel time spent in this place.
 D = Time resting spent in this place.
 E = Time spent auto-exploring this place.
 F = Levels seen in this place.
 G = Mean time per level.
                   A        B        C        D        E       F      G
               +--------+--------+--------+--------+--------+-----+--------+
         Total |   6861 |   6748 |    113 |   1501 |   4168 |   7 |  980.1 |
       Dungeon |   6359 |   6246 |    113 |   1274 |   3954 |   6 | 1059.8 |
         Sewer |    501 |    501 |      0 |    227 |    214 |   1 |  501.0 |
               +--------+--------+--------+--------+--------+-----+--------+

Top non-repeatable levels by time:
     D:4: 1411 daAuts
     D:1: 1362 daAuts
     D:2: 1223 daAuts
     D:3: 1187 daAuts
     D:6: 729 daAuts
   Sewer: 501 daAuts
     D:5: 444 daAuts
